 Dungeon Crawl Stone Soup version 0.30-a0-313-gae38170b09 (webtiles) character file.

Game seed: 10461133791981460436

5 Kirkhe the Chiller (level 1, 0/13 HPs)
             Began as a Demonspawn Ice Elementalist on Oct 26, 2022.
             Slain by a jackal (3 damage)
             ... on level 1 of the Dungeon.
             The game lasted 00:00:48 (180 turns).

Kirkhe the Chiller (Demonspawn Ice Elementalist)     Turns: 180, Time: 00:00:49

Health: 0/13       AC:  2    Str:  8    XL:     1   Next: 66%
Magic:  3/3        EV: 12    Int: 16    God:
Gold:   12         SH:  0    Dex: 13    Spells: 3/4 levels left

rFire   . . .      SeeInvis .    (no weapon)
rCold   . . .      Faith    .    (no shield)
rNeg    . . .      Spirit   .    a - +0 robe
rPois   .          Reflect  .    (no helmet)
rElec   .          Harm     .    (no cloak)
rCorr   .          Rampage  .    (no gloves)
Will    .....                    (no boots)
Stlth   ++........               (no amulet)
HPRegen 0.22/turn                c - ring of wizardry
MPRegen 0.08/turn                (no ring)

@: attractive
A: no striking features
a: no special abilities


You were on level 1 of the Dungeon.
You visited 1 branch of the dungeon, and saw 1 of its levels.

You collected 12 gold pieces.

Inventory:

Armour
 a - a +0 robe (worn)
Jewellery
 c - a ring of wizardry (left hand)
Potions
 d - a potion of attraction


   Skills:
 + Level 1.7 Dodging
 + Level 1.7 Stealth
 + Level 2.0 Spellcasting
 + Level 3.9 Ice Magic


You had 3 spell levels left.
You knew the following spells:

 Your Spells              Type           Power      Damage    Failure   Level
a - Freeze                Ice            56%        1d7       1%          1

Your spell library contained the following spells:

 Spells                   Type           Power      Damage    Failure   Level
 Frozen Ramparts          Ice            28%        1d5       4%          3
 Ozocubu's Armour         Ice            14%        N/A       4%          3
 Summon Ice Beast         Ice/Summ       7%         N/A       34%         4


Dungeon Overview and Level Annotations

Branches:
Dungeon (1/15)

Altars:

Shops:
D:1 :


Message History

You kill the ball python!
A hobgoblin comes into view.
Unknown command.
Casting: Freeze (safe; 1% risk of failure)
Confirm with . or Enter, or press ? or * to list all spells.
You don't have enough magic to cast this spell.
Unknown command.
Press: ? - help, v - describe, . - travel
Here: an endoplasm The floor.
It was a potion of attraction.
You feel attractive to monsters. The endoplasm freezes you.
You are frozen.
You hit the endoplasm but do no damage. The endoplasm freezes you.
You are frozen.
You hit the endoplasm but do no damage. The endoplasm barely misses you.
Unknown command.
You barely miss the endoplasm. The endoplasm closely misses you.
Unknown command.
You hit the endoplasm but do no damage. The endoplasm freezes you.
You are frozen.
Unknown command.
Magic courses through your body. The endoplasm freezes you.
You are frozen.
The goblin hits you with a +0 club.
Casting: Freeze (safe; 1% risk of failure)
Confirm with . or Enter, or press ? or * to list all spells.
Aiming: Freeze (safe; 1% risk of failure)
Press: ? - help, Shift-Dir - straight line, f - goblin
Aim: a goblin, wielding a +0 club You freeze the goblin!
You kill the goblin!
The endoplasm freezes you.
You are frozen.
* * * LOW HITPOINT WARNING * * *
The jackal bites you.
You die...

#.⌠.⌠..# ###......##
.# #.........##.# ..
#..........#.# #..
#..........#.#### #...
#.....................
########.....####.....
#..h...........
##.#@###.......
####.#J#.b....g#
#.....b#.#......=
#.#......#....... #
##.#####...h... #.#
.h.##.. #.. .... . ###
.###. .# .#


You could see an endoplasm, a jackal and a bat.

Vanquished Creatures
  2 ball pythons (D:1)
  An endoplasm (D:1)
  A goblin (D:1)
  A jackal (D:1)
  A rat (D:1)
6 creatures vanquished.

Notes
Turn   | Place    | Note
-------+----------+-------------------------------------------
     0 | D:1      | Kirkhe the Demonspawn Ice Elementalist began the quest for
                  | the Orb.
     0 | D:1      | Reached XP level 1. HP: 13/13 MP: 3/3
    89 | D:1      | Found Acyump's Vocational Training.
   180 | D:1      | Slain by a jackal

Illustrated notes

Levels and vault maps discovered:
D:1:      tarquinn_simple_flora_water_a, layout_basic, st_stairs_5,
          nicolae_shop_vocational

Action                   || total
-------------------------++-------
Melee: Unarmed           ||    11
 Cast: Freeze            ||     8
  Use: Potion            ||     2
Armor: Robe              ||     2
Dodge: Dodged            ||    13

Table legend: (Time is in decaauts)
 A = Elapsed time spent in this place.
 B = Non-inter-level travel time spent in this place.
 C = Inter-level travel time spent in this place.
 D = Time resting spent in this place.
 E = Time spent auto-exploring this place.
 F = Levels seen in this place.
 G = Mean time per level.
                   A        B        C        D        E       F      G
               +--------+--------+--------+--------+--------+-----+--------+
         Total |    179 |    179 |      0 |     27 |    110 |   1 |  179.0 |
       Dungeon |    179 |    179 |      0 |     27 |    110 |   1 |  179.0 |
               +--------+--------+--------+--------+--------+-----+--------+

Top non-repeatable levels by time:
     D:1: 179 daAuts
